 Dungeon Crawl Stone Soup version 0.27-a0-1065-ge809cff456 (webtiles) character file.

Game seed: 18233352152421185399

46 leviel the Skirmisher (level 3, -1/33 HPs)
             Began as a Hill Orc Fighter on Apr 23, 2021.
             Slain by Sigmund
             ... wielding a +0 scythe
              (9 damage)
             ... on level 2 of the Dungeon.
             The game lasted 00:01:56 (1358 turns).

leviel the Skirmisher (Hill Orc Fighter)            Turns: 1358, Time: 00:01:57

Health: -1/33      AC:  6    Str: 15 (18) XL:     3   Next: 68%
Magic:  3/3        EV:  7    Int:  7 (9)  God:
Gold:   8          SH:  0    Dex:  8 (10) Spells: 2/2 levels left

rFire    . . .     SeeInvis .   a - +0 war axe
rCold    . . .     Faith    .   c - +1 kite shield
rNeg     . . .     Spirit   .   b - +0 scale mail
rPois    .         Reflect  .   (no helmet)
rElec    .         Harm     .   (no cloak)
rCorr    .         Rampage  .   (no gloves)
Will     .....                  (no boots)
Stlth    ..........             (no amulet)
HPRegen  0.11/turn              (no ring)
MPRegen  0.08/turn              (no ring)

@: confused
A: no striking features
a: no special abilities


You were on level 2 of the Dungeon.
You visited 1 branch of the dungeon, and saw 2 of its levels.

You collected 108 gold pieces.
You spent 100 gold pieces at shops.

Inventory:

Hand Weapons
 a - a +0 war axe (weapon)
Armour
 b - a +0 scale mail (worn)
 c - a +1 kite shield (worn)
Scrolls
 n - 2 scrolls of teleportation
Potions
 d - a potion of might
 g - a potion of heal wounds
 h - 2 potions of curing
 l - a potion of brilliance
 m - a potion of flight


   Skills:
 + Level 4.1 Fighting
 + Level 3.3 Axes
 + Level 3.6 Armour
 - Level 0.1 Dodging
 + Level 4.0 Shields


You had 2 spell levels left.
You didn't know any spells.
Your spell library was empty.

Dungeon Overview and Level Annotations

Branches:
Dungeon (2/15)

Altars:

Shops:
D:2 *

Annotations:
D:2 Sigmund


Message History

The jackal barely misses you.
You hit the jackal.
The jackal is severely wounded.
The jackal closely misses you. Something hits you.
You block the jackal's attack. Something hits you.
You closely miss the jackal.
The jackal is severely wounded.
The jackal bites you but does no damage.
Something hits you.
The jackal bites you but does no damage.
Your shield prevents you from hitting the jackal.
The jackal is severely wounded.
You block the jackal's attack. You block something's attack.
The jackal bites you but does no damage.
You hear some strange, mumbled words.
You are confused.
You are too confused!
You are too confused!
You are too confused!
You are too confused!
You are too confused!
You are too confused!
You are too confused!
You are too confused!
You are too confused!
You are too confused!
You are too confused!
You are too confused!
You are too confused!
You are too confused!
Unknown command.
You are too confused!
The jackal bites you but does no damage.
Something hits you!
* * * LOW HITPOINT WARNING * * *
The jackal barely misses you.
You bump into the rock wall.
The jackal bites you but does no damage.
Something hits you!
You die...

.................................
......###.#..##..#####...........
...>..# #....#..#####..........†.
^.....###...)#####....#..........
.............# ##.####..........
###....).....####..# ###########
..................##
######.....#..#####
#.....#....@#*********
#.....#..##h....<..,,*
########..#b.......,,*
##..........,,* *#.........,,*
##........,,* #........,,*
#........,,* ************


You could see a jackal and a bat.

Vanquished Creatures
  A worm (D:2)
  3 dart slugs
  3 endoplasms
  2 giant cockroaches
  2 goblins
  5 hobgoblins
  5 jackals (D:2)
  3 kobolds
  A quokka (D:1)
  2 ball pythons
  4 bats (D:1)
  2 rats
33 creatures vanquished.

Notes
Turn   | Place    | Note
-------+----------+-------------------------------------------
     0 | D:1      | leviel the Hill Orc Fighter began the quest for the Orb.
     0 | D:1      | Reached XP level 1. HP: 19/19 MP: 1/1
   170 | D:1      | Reached XP level 2. HP: 21/27 MP: 2/2
   958 | D:2      | Reached XP level 3. HP: 31/33 MP: 3/3
  1127 | D:2      | Found Wuuqosel's Assorted Antiques.
  1318 | D:2      | Bought a ruby potion for 16 gold pieces
  1318 | D:2      | Bought a sapphire potion for 16 gold pieces
  1318 | D:2      | Bought a metallic blue potion for 16 gold pieces
  1318 | D:2      | Bought a scroll labelled MOX SYIWNOECEGH for 18 gold pieces
  1318 | D:2      | Bought a ruby potion for 16 gold pieces
  1318 | D:2      | Bought a scroll labelled MOX SYIWNOECEGH for 18 gold pieces
  1349 | D:2      | Noticed Sigmund
  1358 | D:2      | Slain by Sigmund

Illustrated notes

Levels and vault maps discovered:
D:1:      amcnicky_arrival_feature_with_door, layout_loops_ring,
          wad_floor_pattern_2
D:2:      layout_rooms, serial_shops, shop, grunt_decor_fettered, uniq_sigmund

Skill      XL: |  1  2  3 |
---------------+----------+-----
Axes           | 3 |  3.3
Fighting       | 4 |  4.1
Shields        | 4 |  4.0
Armour         | |  3.6
Dodging        | |  0.1

Action                   || total
-------------------------++-------
Melee: War axe           ||   114
  Use: Scroll            ||     5
       Potion            ||     4
Armor: Scale mail        ||    63
Dodge: Dodged            ||    56
Block: Kite shield       ||    77

Table legend: (Time is in decaauts)
 A = Elapsed time spent in this place.
 B = Non-inter-level travel time spent in this place.
 C = Inter-level travel time spent in this place.
 D = Time resting spent in this place.
 E = Time spent auto-exploring this place.
 F = Levels seen in this place.
 G = Mean time per level.
                   A        B        C        D        E       F      G
               +--------+--------+--------+--------+--------+-----+--------+
         Total |   1423 |   1384 |     39 |      0 |   1084 |   2 |  711.5 |
       Dungeon |   1423 |   1384 |     39 |      0 |   1084 |   2 |  711.5 |
               +--------+--------+--------+--------+--------+-----+--------+

Top non-repeatable levels by time:
     D:1: 959 daAuts
     D:2: 463 daAuts
